[Event "FIDE World Rapid-ch Open 2018"]
[White "Petrov, Nikita"]
[Black "Vallejo Pons, Francisco"]
[Site "St. Petersburg"]
[Round "6.53"]
[Annotator "ChessBase"]
[Result "1-0"]
[Date "2018.12.27"]
[WhiteElo "2593"]
[BlackElo "2695"]
[PlyCount "61"]
[TimeControl "900+10"]

1. e4 c5 2. Nc3 e6 3. Nf3 a6 4. d4 cxd4 5. Nxd4 Qc7 6. Qf3 b5 7. Qg3 d6 8. Bf4 Nf6 9. Bxb5+ axb5 10. Ndxb5 Qb6 11. Bxd6 Nxe4 12. Nxe4 Qxb5 13. Bxf8 Kxf8 14. Qd6+ Ke8 15. 0-0-0 Nd7 16. Qc7 Qa4 17. Nd6+ Ke7 18. Nf5+ Kf6 19. Nd6 Kg6 20. Rd3 Qf4+ 21. Kb1 h5 22. Rg3+ Kh6 23. Rf3 Qa4 24. Nxf7+ Kh7 25. Ra3 Qxa3 26. bxa3 Rf8 27. Ng5+ Kh6 28. f4 Nf6 29. Rd1 Nd5 30. Rxd5 exd5 31. Qc6+ 1-0

[Event "FIDE World Rapid-ch Open 2018"]
[White "Kovalev, Vladislav"]
[Black "Kevlishvili, Robby"]
[Site "St. Petersburg"]
[Round "6.54"]
[Annotator "ChessBase"]
[Result "1-0"]
[Date "2018.12.27"]
[WhiteElo "2683"]
[BlackElo "2451"]
[PlyCount "59"]
[TimeControl "900+10"]

1. e4 c5 2. Be2 Nc6 3. d3 g6 4. f4 Bg7 5. Nf3 d5 6. c3 e6 7. 0-0 Nge7 8. Na3 0-0 9. Nc2 b6 10. Be3 d4 11. cxd4 cxd4 12. Bf2 Bb7 13. Qd2 Qd7 14. b4 a6 15. a4 Rfd8 16. Na3 a5 17. Nc4 Nc8 18. b5 Nb4 19. Nce5 Qe7 20. Nxd4 f6 21. Nec6 Bxc6 22. Nxc6 Nxc6 23. bxc6 Na7 24. Bxb6 Rdc8 25. c7 Nc6 26. Rfc1 Qd7 27. d4 f5 28. Bb5 Bxd4+ 29. Kh1 Qg7 30. Bxc6 1-0

[Event "FIDE World Rapid-ch Open 2018"]
[White "Gutenev, Alexander"]
[Black "Iljiushenok, Ilia"]
[Site "St. Petersburg"]
[Round "6.56"]
[Annotator "ChessBase"]
[Result "1-0"]
[Date "2018.12.27"]
[WhiteElo "2456"]
[BlackElo "2533"]
[PlyCount "115"]
[TimeControl "900+10"]

1. e4 c5 2. Nf3 e6 3. d4 cxd4 4. Nxd4 Nc6 5. Nc3 Qc7 6. Qd3 Nxd4 7. Qxd4 a6 8. Be3 Ne7 9. Be2 Nc6 10. Qb6 Qb8 11. 0-0 Be7 12. f4 d6 13. a4 0-0 14. Rad1 Re8 15. Bf3 Bd8 16. Qb3 Qc7 17. Bf2 Rb8 18. Rd3 b6 19. Rfd1 Na5 20. Qa2 Be7 21. h3 Bf8 22. Bg3 Bb7 23. f5 Nc4 24. fxe6 fxe6 25. Bg4 Kh8 26. Kh2 Qc5 27. Re1 b5 28. axb5 axb5 29. Qb3 Bc6 30. Ne2 Ne5 31. Rc3 Nxg4+ 32. hxg4 Qb6 33. Nf4 Bd7 34. g5 g6 35. Rd3 Qc5 36. e5 d5 37. Rf3 Bg7 38. Nd3 Qe7 39. Rf6 Rec8 40. Ref1 Be8 41. Nf4 Rc6 42. Ne2 Rc4 43. c3 Rb6 44. Nd4 Bxf6 45. exf6 Qf7 46. Nf3 Re4 47. Ne5 Rxe5 48. Bxe5 h6 49. Qa3 Kh7 50. Qe7 Rb7 51. Qc5 hxg5 52. Ra1 g4 53. Ra8 g5 54. Qc8 g3+ 55. Kxg3 Qh5 56. Qxb7+ Bf7 57. Kf2 Qh4+ 58. Bg3 1-0

[Event "FIDE World Rapid-ch Open 2018"]
[White "Smirin, Ilia"]
[Black "Yakubboev, Nodirbek"]
[Site "St. Petersburg"]
[Round "6.57"]
[Annotator "ChessBase"]
[Result "0-1"]
[Date "2018.12.27"]
[WhiteElo "2609"]
[BlackElo "2556"]
[PlyCount "96"]
[TimeControl "900+10"]

1. Nf3 d5 2. g3 Nc6 3. d4 Bg4 4. Bg2 e6 5. 0-0 Bd6 6. c4 Nf6 7. Nc3 0-0 8. cxd5 Nxd5 9. h3 Bh5 10. e4 Nxc3 11. bxc3 Rb8 12. Rb1 f6 13. Be3 b6 14. Qc2 e5 15. Nh4 Na5 16. Nf5 Nc4 17. Bc1 b5 18. a4 a6 19. axb5 axb5 20. f4 Bg6 21. Nh4 Bf7 22. dxe5 fxe5 23. f5 Bc5+ 24. Kh2 Ne3 25. Bxe3 Bxe3 26. Nf3 Qe7 27. Qe2 Qc5 28. Nxe5 Qxe5 29. Qxe3 c5 30. Rfd1 Rfe8 31. Qd2 Rb6 32. Qd7 b4 33. cxb4 cxb4 34. Qa7 Qb8 35. Qxb8 Rbxb8 36. Re1 Re5 37. g4 g5 38. Kg3 b3 39. Kf2 b2 40. Ke3 Ba2 41. Kd4 Bxb1 42. Rxb1 Ra5 43. e5 Ra1 44. Be4 Rb4+ 45. Kd5 Ra5+ 46. Kd6 Rxe4 47. e6 Re2 48. Ke7 Ra1 0-1

[Event "FIDE World Rapid-ch Open 2018"]
[White "Usmanov, Vasily"]
[Black "Demidov, Mikhail"]
[Site "St. Petersburg"]
[Round "6.58"]
[Annotator "ChessBase"]
[Result "0-1"]
[Date "2018.12.27"]
[WhiteElo "2450"]
[BlackElo "2520"]
[PlyCount "78"]
[TimeControl "900+10"]

1. Nf3 g6 2. d4 Bg7 3. c4 e6 4. g3 b6 5. Bg2 Bb7 6. 0-0 Ne7 7. Nc3 d6 8. Qc2 0-0 9. Rd1 Nd7 10. b3 h6 11. Bb2 a6 12. Rac1 Qb8 13. e3 f5 14. Qe2 Nf6 15. Nd2 Bxg2 16. Kxg2 g5 17. e4 Qb7 18. d5 Rae8 19. dxe6 fxe4 20. Kg1 Nf5 21. Nd5 Rxe6 22. Bxf6 Bxf6 23. Nxe4 Bg7 24. Qg4 Re5 25. Re1 c6 26. Nb4 Nd4 27. Nd3 Re6 28. f4 Qe7 29. Nef2 Ne2+ 30. Kf1 Re8 31. Rcd1 gxf4 32. gxf4 Kh8 33. f5 Re3 34. Kg2 Bc3 35. Rf1 Rg8 36. h3 Rxg4+ 37. Nxg4 Qe4+ 38. Kh2 Rxd3 39. f6 Be5+ {Rh1} 0-1

[Event "FIDE World Rapid-ch Open 2018"]
[White "Van Foreest, Jorden"]
[Black "Tsydypov, Zhamsaran"]
[Site "St. Petersburg"]
[Round "6.59"]
[Annotator "ChessBase"]
[Result "0-1"]
[Date "2018.12.27"]
[WhiteElo "2614"]
[BlackElo "2529"]
[PlyCount "123"]
[TimeControl "900+10"]

1. e4 c5 2. Nf3 d6 3. d4 cxd4 4. Nxd4 Nf6 5. Nc3 a6 6. Bc4 e6 7. Bb3 Be7 8. Be3 Qc7 9. 0-0 Nc6 10. f4 0-0 11. f5 e5 12. Nde2 Na5 13. Nd5 Nxd5 14. Bxd5 Bd7 15. Ng3 Nc4 16. Bf2 Rac8 17. Nh5 Kh8 18. f6 gxf6 19. Bh4 Rg8 20. Qf3 Rg6 21. Nxf6 Be6 22. Qh5 Bxf6 23. Bxf6+ Kg8 24. Bxe6 fxe6 25. Qh3 Re8 26. Rf2 Qc5 27. Bh4 Qd4 28. Qd3 Ne3 29. h3 Nxg2 30. Bg3 Nf4 31. Qxd4 Rxg3+ 32. Kf1 exd4 33. Rxf4 e5 34. Rf6 Rf8 35. Kf2 Rxf6+ 36. Kxg3 Rf4 37. Re1 Kf7 38. c3 d3 39. Re3 Ke6 40. Rxd3 Rxe4 41. Kf2 Ra4 42. a3 Rf4+ 43. Ke2 Rf6 44. c4 Rf4 45. b3 b5 46. Rc3 bxc4 47. bxc4 Rh4 48. c5 dxc5 49. Rxc5 Rxh3 50. Ra5 Kf5 51. Rxa6 Kf4 52. a4 Rh2+ 53. Kd1 e4 54. a5 Ke3 55. Rd6 Ra2 56. Rd5 Kf3 57. Rf5+ Ke3 58. Rh5 Kd3 59. Rd5+ Ke3 60. Rh5 h6 61. Rh3+ Kd4 62. Rxh6 0-1

[Event "FIDE World Rapid-ch Open 2018"]
[White "Levin, Evgeny A."]
[Black "Tang, Andrew"]
[Site "St. Petersburg"]
[Round "6.60"]
[Annotator "ChessBase"]
[Result "1-0"]
[Date "2018.12.27"]
[WhiteElo "2516"]
[BlackElo "2487"]
[PlyCount "108"]
[TimeControl "900+10"]

1. Nf3 d5 2. g3 Nf6 3. Bg2 e6 4. 0-0 Be7 5. b3 0-0 6. c4 c5 7. cxd5 Nxd5 8. Bb2 b6 9. d4 Bb7 10. e4 Nf6 11. Nbd2 cxd4 12. e5 Nd5 13. Nxd4 Nc6 14. Ne4 Rc8 15. Nxc6 Bxc6 16. Qg4 Kh8 17. Rfd1 Rc7 18. Rac1 Ba8 19. Nd6 Rxc1 20. Rxc1 Qd7 21. a4 Kg8 22. h4 f5 23. Qd4 Nc7 24. Bxa8 Rxa8 25. Nxf5 Nd5 26. Nd6 Rf8 27. Ba3 h6 28. Qd3 Rd8 29. Qb5 Qxb5 30. axb5 Rd7 31. Rc8+ Kh7 32. h5 g6 33. hxg6+ Kxg6 34. Rg8+ Kh7 35. Rg4 Nc3 36. Bb2 Bxd6 37. Bxc3 Bc5 38. b4 Be7 39. Rc4 Kg6 40. g4 Kf7 41. f4 Rd5 42. f5 Rxb5 43. Rc7 Ke8 44. f6 Bxb4 45. Bxb4 Rxb4 46. Rxa7 Rxg4+ 47. Kf2 b5 48. Re7+ Kf8 49. Rxe6 b4 50. Kf3 Rc4 51. Rb6 Kf7 52. Rb7+ Kg6 53. Rg7+ Kf5 54. Re7 Rc3+ {[%emt 0:0:50] Ke4+} 1-0

[Event "FIDE World Rapid-ch Open 2018"]
[White "Chen, Qi b"]
[Black "Tari, Aryan"]
[Site "St. Petersburg"]
[Round "6.61"]
[Annotator "ChessBase"]
[Result "0-1"]
[Date "2018.12.27"]
[WhiteElo "2437"]
[BlackElo "2620"]
[PlyCount "94"]
[TimeControl "900+10"]

1. e4 e5 2. Nf3 Nc6 3. Bb5 a6 4. Ba4 Nge7 5. c3 g6 6. 0-0 Bg7 7. d4 exd4 8. cxd4 b5 9. Bc2 d5 10. exd5 Nxd5 11. Re1+ Be6 12. Nc3 0-0 13. h3 Nxc3 14. bxc3 Na5 15. Ne5 Bd5 16. a4 Re8 17. Bf4 Qf6 18. Bg3 Red8 19. axb5 axb5 20. Qe2 Qb6 21. Rab1 Nc4 22. Bb3 Qe6 23. Bxc4 bxc4 24. Qd2 Qa6 25. Ng4 h5 26. Ne3 c5 27. Be5 Be4 28. Bxg7 Bxb1 29. Be5 Bd3 30. dxc5 f6 31. Bd6 Qc6 32. Nf1 Re8 33. Ne3 Re6 34. Rc1 Kg7 35. Qb2 g5 36. Qd2 Kg6 37. Kh2 f5 38. h4 f4 39. Nc2 Re2 40. Nd4 Rxd2 41. Nxc6 Rxf2 42. Ne7+ Kf7 43. hxg5 Raa2 44. Rg1 f3 45. c6 Rxg2+ 46. Rxg2 Rxg2+ 47. Kh3 f2 0-1

[Event "FIDE World Rapid-ch Open 2018"]
[White "Gaifullin, Artur"]
[Black "Goganov, Aleksey"]
[Site "St. Petersburg"]
[Round "6.62"]
[Annotator "ChessBase"]
[Result "0-1"]
[Date "2018.12.27"]
[WhiteElo "2448"]
[BlackElo "2612"]
[PlyCount "58"]
[TimeControl "900+10"]

1. Nf3 d5 2. e3 Nf6 3. c4 e6 4. b3 Bd6 5. Bb2 0-0 6. Nc3 b6 7. Qc2 Bb7 8. cxd5 exd5 9. Nb5 c5 10. Nxd6 Qxd6 11. d4 Nbd7 12. dxc5 bxc5 13. Be2 Rac8 14. 0-0 c4 15. Bd4 Ba6 16. bxc4 Bxc4 17. Bxc4 Rxc4 18. Qf5 a6 19. Rab1 h6 20. h3 Rfc8 21. Rfd1 Qe6 22. Qd3 Ne4 23. Bb2 Ndc5 24. Qxd5 Qxd5 25. Rxd5 Rb8 26. Rc1 Rxc1+ 27. Bxc1 Rb1 28. Rd1 Nc3 29. Nd2 Rxc1 0-1

[Event "FIDE World Rapid-ch Open 2018"]
[White "Melkumyan, Hrant"]
[Black "Anikonov, Dmitry"]
[Site "St. Petersburg"]
[Round "6.63"]
[Annotator "ChessBase"]
[Result "1-0"]
[Date "2018.12.27"]
[WhiteElo "2670"]
[BlackElo "2371"]
[PlyCount "71"]
[TimeControl "900+10"]

1. e4 d6 2. d4 Nf6 3. Bd3 e5 4. c3 g6 5. Nf3 Nbd7 6. 0-0 Bg7 7. Nbd2 0-0 8. Re1 Re8 9. h3 c6 10. a4 Qc7 11. a5 d5 12. exd5 cxd5 13. dxe5 Nxe5 14. Nxe5 Rxe5 15. Rxe5 Qxe5 16. Nf3 Qc7 17. Be3 Ne4 18. Bc2 Be6 19. Nd4 Bd7 20. Ne2 Bc6 21. Bd4 Nd6 22. Bxg7 Kxg7 23. Qd4+ Kg8 24. Bd3 Re8 25. Nf4 Nc4 26. b4 Ne5 27. Be2 a6 28. Rd1 Qc8 29. Nxd5 Bxd5 30. Qxd5 Qxc3 31. Qxb7 Nc6 32. Qxa6 Nxb4 33. Qc4 Qb2 34. Rd7 Rf8 35. Rb7 Qa1+ 36. Bf1 1-0

[Event "FIDE World Rapid-ch Open 2018"]
[White "Jones, Gawain C B"]
[Black "Nozdrachev, Vladislav"]
[Site "St. Petersburg"]
[Round "6.64"]
[Annotator "ChessBase"]
[Result "0-1"]
[Date "2018.12.27"]
[WhiteElo "2682"]
[BlackElo "2486"]
[PlyCount "100"]
[TimeControl "900+10"]

1. e4 e5 2. Nf3 Nc6 3. Bc4 Bc5 4. c3 Nf6 5. d4 exd4 6. e5 d5 7. Bb5 Ne4 8. cxd4 Bb6 9. Nc3 0-0 10. Be3 Bf5 11. 0-0 Ne7 12. Nh4 Be6 13. Bd3 f5 14. exf6 Nxf6 15. Qc2 Nc6 16. Nf3 Nb4 17. Qd2 Nxd3 18. Qxd3 c6 19. Bf4 Nh5 20. Be5 Bg4 21. Nd2 Qg5 22. Qe3 Qg6 23. f3 Bf5 24. Kh1 Bd3 25. Rfe1 Rae8 26. Na4 Ba5 27. Nc5 Bc2 28. Nxb7 Nf4 29. Qxf4 Rxf4 30. Bxf4 Bb6 31. Nc5 h6 32. Nf1 Rxe1 33. Rxe1 Bxc5 34. dxc5 d4 35. Nd2 Qf5 36. Be5 Qd3 37. Ne4 Qc4 38. b3 Qd5 39. Bd6 Bxe4 40. fxe4 Qg5 41. Kg1 d3 42. e5 Qd2 43. Kf1 Qc2 44. e6 d2 45. e7 dxe1=Q+ 46. Kxe1 Kf7 47. b4 Ke8 48. a3 Qc3+ 49. Ke2 Qxa3 50. b5 Qb2+ 0-1

[Event "FIDE World Rapid-ch Open 2018"]
[White "Oganian, Miran"]
[Black "Paravyan, David"]
[Site "St. Petersburg"]
[Round "6.65"]
[Annotator "ChessBase"]
[Result "0-1"]
[Date "2018.12.27"]
[WhiteElo "2423"]
[BlackElo "2634"]
[PlyCount "158"]
[TimeControl "900+10"]

1. d4 Nf6 2. c4 g6 3. Nc3 Bg7 4. Nf3 0-0 5. Bf4 d6 6. h3 Nc6 7. e3 Qe8 8. Be2 e5 9. Bh2 Bf5 10. 0-0 e4 11. Nd2 g5 12. Rc1 Bg6 13. Nd5 Rc8 14. Qb3 b6 15. Nxf6+ Bxf6 16. c5 bxc5 17. dxc5 Rb8 18. Qd1 Bxb2 19. cxd6 cxd6 20. Bxd6 Bxc1 21. Qxc1 Rc8 22. Ba6 Qe6 23. Bxf8 Rxf8 24. Qc4 Qxc4 25. Nxc4 Nb4 26. Bb7 Re8 27. a3 Nd3 28. Rb1 Re7 29. Rb5 Rc7 30. Bd5 Kf8 31. Kf1 h5 32. Ke2 h4 33. Rb8+ Kg7 34. Rb5 Nc5 35. Ne5 Na4 36. Ra5 Nc3+ 37. Ke1 Nxd5 38. Rxd5 Bf5 39. Ng4 Kg6 40. Rd6+ Be6 41. Ne5+ Kg7 42. Nc6 Rb7 43. Nd8 Rb1+ 44. Kd2 Rb2+ 45. Ke1 Bc4 46. Rd4 Bd3 47. Rd7 Re2+ 48. Kf1 Rxe3+ 49. Kg1 Re1+ 50. Kh2 Bc4 51. Rxa7 Re2 52. Rc7 Bb3 53. Kg1 Re1+ 54. Kh2 Ra1 55. Ra7 Ra2 56. Kg1 Ra1+ 57. Kh2 Ra2 58. Kg1 Kg6 59. Nc6 Ra1+ 60. Kh2 Rf1 61. Rb7 Be6 62. Rb2 Ra1 63. Nd4 Bc4 64. Nc2 Rc1 65. Ne3 Be6 66. Rc2 Ra1 67. Rc3 f5 68. Rc6 Kf6 69. Nc2 Rc1 70. Nd4 Rxc6 71. Nxc6 Bd7 72. Nb4 Ke5 73. Kg1 Bb5 74. Nc2 f4 75. g3 hxg3 76. fxg3 e3 77. h4 Ke4 78. gxf4 gxf4 79. h5 f3 0-1

[Event "FIDE World Rapid-ch Open 2018"]
[White "Gordievsky, Dmitry"]
[Black "Lintchevski, Daniil"]
[Site "St. Petersburg"]
[Round "6.66"]
[Annotator "ChessBase"]
[Result "1/2-1/2"]
[Date "2018.12.27"]
[WhiteElo "2614"]
[BlackElo "2516"]
[PlyCount "86"]
[TimeControl "900+10"]

1. Nf3 c5 2. c4 Nc6 3. d4 cxd4 4. Nxd4 g6 5. e4 Nf6 6. Nc3 d6 7. f3 Bg7 8. Be3 0-0 9. Qd2 Nxd4 10. Bxd4 Be6 11. Rc1 Rc8 12. b3 a6 13. Be2 Qa5 14. Be3 b5 15. Nd5 Qxd2+ 16. Kxd2 Nxd5 17. exd5 Bd7 18. cxb5 axb5 19. Rxc8 Rxc8 20. Rc1 Ra8 21. Rc7 Be8 22. Ra7 Rxa7 23. Bxa7 Kf8 24. Bd1 e6 25. dxe6 fxe6 26. a4 bxa4 27. bxa4 Ke7 28. a5 Bb5 29. Be3 Kd7 30. Bc2 Bf6 31. Bd3 Bc6 32. a6 Kc7 33. Ke2 e5 34. g4 d5 35. g5 Be7 36. h4 Bb4 37. Bd2 Bc5 38. Ba5+ Kd7 39. Bc3 Kd6 40. Bd2 Kc7 41. Ba5+ Kd7 42. Be1 Kc7 43. Ba5+ Kd7 1/2-1/2

[Event "FIDE World Rapid-ch Open 2018"]
[White "Sanikidze, Tornike"]
[Black "Moiseenko, Vadim"]
[Site "St. Petersburg"]
[Round "6.67"]
[Annotator "ChessBase"]
[Result "1-0"]
[Date "2018.12.27"]
[WhiteElo "2507"]
[BlackElo "2501"]
[PlyCount "115"]
[TimeControl "900+10"]

1. d4 d5 2. c4 dxc4 3. e4 e5 4. Nf3 exd4 5. Bxc4 Bb4+ 6. Nbd2 Nc6 7. 0-0 Qf6 8. e5 Qf5 9. Nh4 Qg4 10. Ndf3 Nh6 11. h3 Qh5 12. Bg5 0-0 13. Qc1 Kh8 14. Qf4 f6 15. exf6 Bd6 16. Qd2 Rxf6 17. Bxf6 gxf6 18. a3 b5 19. Bd3 Bd7 20. Be4 Rg8 21. Kh1 Nf7 22. Bxc6 Bxc6 23. Qxd4 Ne5 24. Rac1 Bb7 25. Rfe1 Rg7 26. Re3 a6 27. Rce1 h6 28. b4 Kh7 29. Nxe5 fxe5 30. Qd3+ Kh8 31. Nf3 Re7 32. Kg1 Rg7 33. Rxe5 Bxe5 34. Rxe5 Qf7 35. Kf1 Rg8 36. Qe3 Qg7 37. Ke1 Qg6 38. Nd2 Bc8 39. Re7 Qd6 40. Re8 Bf5 41. Qc3+ Kh7 42. Rxg8 Kxg8 43. Qb3+ Kf8 44. Qf3 Qe5+ 45. Kf1 Ke7 46. g4 Be6 47. Qc6 Bd5 48. Qxh6 Qa1+ 49. Ke2 Qxa3 50. Qe3+ Qxe3+ 51. Kxe3 Kd6 52. Ne4+ Kc6 53. h4 a5 54. bxa5 b4 55. h5 Kb5 56. h6 Bg8 57. Nf6 b3 58. Kd2 1-0

[Event "FIDE World Rapid-ch Open 2018"]
[White "Yuffa, Daniil"]
[Black "Vlassov, Nikolai"]
[Site "St. Petersburg"]
[Round "6.68"]
[Annotator "ChessBase"]
[Result "1-0"]
[Date "2018.12.27"]
[WhiteElo "2572"]
[BlackElo "2401"]
[PlyCount "103"]
[TimeControl "900+10"]

1. e4 c5 2. Nf3 d6 3. d4 cxd4 4. Nxd4 Nf6 5. Nc3 g6 6. Be3 Bg7 7. Qd2 Ng4 8. Bb5+ Bd7 9. Bg5 h6 10. Bh4 Nc6 11. Nb3 Rc8 12. 0-0 Nce5 13. a4 0-0 14. Qe2 Be6 15. Nd4 Bc4 16. Bxc4 Rxc4 17. Rad1 Qb6 18. Nb3 Rxc3 19. bxc3 Nf6 20. Kh1 Qc6 21. f4 Nc4 22. Nd4 Qc5 23. Rb1 Nxe4 24. Qxe4 Nd2 25. Qxb7 Nxf1 26. Rxf1 Qxc3 27. Ne2 Qxc2 28. Qxe7 Qxa4 29. Qxd6 Qc4 30. Qd1 Re8 31. Ng1 a5 32. Bg3 a4 33. f5 gxf5 34. Rf4 Re4 35. Rxf5 a3 36. Qd8+ Kh7 37. Qa8 Re3 38. Ra5 Bd4 39. Bf2 Rd3 40. Qe4+ Kg7 41. Bxd4+ Rxd4 42. Qe5+ Kh7 43. Rxa3 Rd1 44. Qf5+ Kh8 45. Ra8+ Kg7 46. Qe5+ Kh7 47. Rh8+ Kg6 48. Qg3+ Kf6 49. Rxh6+ Ke7 50. Qe3+ Kf8 51. Rh8+ Kg7 52. Qh6# 1-0

[Event "FIDE World Rapid-ch Open 2018"]
[White "Belyakov, Bogdan"]
[Black "Zvjaginsev, Vadim"]
[Site "St. Petersburg"]
[Round "6.69"]
[Annotator "ChessBase"]
[Result "0-1"]
[Date "2018.12.27"]
[WhiteElo "2459"]
[BlackElo "2642"]
[PlyCount "106"]
[TimeControl "900+10"]

1. e4 c5 2. c3 e6 3. d4 d5 4. exd5 exd5 5. Be3 cxd4 6. Bxd4 a6 7. Bd3 Nc6 8. Ne2 Nf6 9. 0-0 Bd6 10. Nd2 0-0 11. h3 Re8 12. Qc2 g6 13. Rfe1 Bd7 14. Nf3 Nxd4 15. Nexd4 Qc7 16. Rxe8+ Rxe8 17. Re1 Rxe1+ 18. Nxe1 Bc5 19. Nef3 Qf4 20. Qd2 Bd6 21. Qxf4 Bxf4 22. Ne2 Bh6 23. Ne5 Be8 24. f4 Nh5 25. g3 Nxg3 26. Nxg3 Bxf4 27. Ng4 Bxg3 28. Nf6+ Kf8 29. Nxe8 Kxe8 30. c4 dxc4 31. Bxc4 Ke7 32. Kg2 Be5 33. b4 Bc3 34. Bd5 b6 35. Bb7 Bxb4 36. Bxa6 f5 37. Kf3 Kf6 38. Bb5 Kg5 39. Be8 Ba3 40. Kg3 Bd6+ 41. Kf3 Kf6 42. Kg2 g5 43. Kf3 Bc7 44. a4 Bb8 45. Ke3 g4 46. Kd4 Kg5 47. Ke3 h5 48. Kf2 Bd6 49. Kg2 f4 50. Kf2 Bc5+ 51. Kg2 f3+ 52. Kh2 Bd6+ 53. Kg1 g3 0-1

[Event "FIDE World Rapid-ch Open 2018"]
[White "Huzman, Alexander"]
[Black "Drygalov, Andrey"]
[Site "St. Petersburg"]
[Round "6.70"]
[Annotator "ChessBase"]
[Result "1-0"]
[Date "2018.12.27"]
[WhiteElo "2580"]
[BlackElo "2481"]
[PlyCount "141"]
[TimeControl "900+10"]

1. Nf3 d5 2. e3 Nf6 3. c4 c6 4. d4 Bf5 5. Nc3 e6 6. Nh4 Be4 7. f3 Bg6 8. Qb3 Qc7 9. Bd2 Be7 10. g3 a6 11. a4 Bh5 12. Kf2 g5 13. Ng2 Bg6 14. Be2 h5 15. Rac1 dxc4 16. Qxc4 Nbd7 17. e4 e5 18. d5 c5 19. Be3 Qd6 20. a5 0-0 21. Ne1 g4 22. h3 gxf3 23. Bxf3 b5 24. axb6 Nxb6 25. Qe2 c4 26. Ng2 Nfd7 27. Bxh5 f5 28. Bxg6 Qxg6 29. exf5 Rxf5+ 30. Kg1 Qxg3 31. Qg4+ Qxg4 32. hxg4 Rf3 33. Rh6 Rb8 34. Rf1 Rxf1+ 35. Kxf1 Bb4 36. Bxb6 Rxb6 37. Rc6 Bxc3 38. bxc3 Rb3 39. Rxc4 Nb6 40. Rc5 a5 41. Rxa5 Rxc3 42. Nh4 Kf7 43. Nf5 Rf3+ 44. Ke2 Rf4 45. Ra7+ Kf8 46. d6 Rxg4 47. Rb7 Rf4 48. Rxb6 Ke8 49. Rb8+ Kd7 50. Rb7+ Kd8 51. Ne7 Rc4 52. Ke3 e4 53. Nf5 Kc8 54. Re7 Kd8 55. Rxe4 Rc5 56. Kf4 Rc1 57. Kg5 Rf1 58. Kf6 Kd7 59. Re7+ Kd8 60. Ra7 Rf2 61. Ke6 Re2+ 62. Kd5 Rd2+ 63. Nd4 Rd1 64. Ra4 Kd7 65. Kc5 Rc1+ 66. Kd5 Rd1 67. Ra7+ Kd8 68. d7 Ke7 69. Ke4 Re1+ 70. Kf3 Rc1 71. Ne6 1-0

[Event "FIDE World Rapid-ch Open 2018"]
[White "Kobo, Ori"]
[Black "Tukhaev, Adam"]
[Site "St. Petersburg"]
[Round "6.71"]
[Annotator "ChessBase"]
[Result "1/2-1/2"]
[Date "2018.12.27"]
[WhiteElo "2494"]
[BlackElo "2527"]
[PlyCount "107"]
[TimeControl "900+10"]

1. Nf3 Nf6 2. g3 g6 3. b3 Bg7 4. Bb2 d6 5. d4 0-0 6. Bg2 a5 7. c4 a4 8. 0-0 axb3 9. axb3 Rxa1 10. Bxa1 c6 11. Nbd2 Qa5 12. e4 Bg4 13. Qc2 Nfd7 14. Bc3 Qc7 15. h3 Bxf3 16. Nxf3 Na6 17. Ra1 e5 18. Qd2 exd4 19. Nxd4 Re8 20. Rd1 Nac5 21. Qc2 Qb6 22. Kh2 Ne6 23. Nxe6 Rxe6 24. Be1 h5 25. f4 h4 26. gxh4 Qe3 27. Bg3 Nc5 28. e5 dxe5 29. f5 Rf6 30. b4 Na6 31. b5 Nc5 32. bxc6 bxc6 33. Re1 Qd3 34. Qf2 Qxc4 35. Rxe5 Rxf5 36. Rxf5 gxf5 37. Qxf5 Ne6 38. h5 Qe2 39. Qg4 Qxg4 40. hxg4 c5 41. Bd5 Ng5 42. Kg2 Kh7 43. Kf1 Bd4 44. Ke2 Kh6 45. Bd6 f5 46. Bf8+ Bg7 47. Bxg7+ Kxg7 48. gxf5 Kf6 49. Be6 Nxe6 50. fxe6 Kxe6 51. h6 Kf6 52. Kd3 Kg6 53. Kc4 Kxh6 54. Kxc5 1/2-1/2

[Event "FIDE World Rapid-ch Open 2018"]
[White "Sanal, Vahap"]
[Black "Tregubov, Pavel V."]
[Site "St. Petersburg"]
[Round "6.72"]
[Annotator "ChessBase"]
[Result "1-0"]
[Date "2018.12.27"]
[WhiteElo "2490"]
[BlackElo "2592"]
[PlyCount "167"]
[TimeControl "900+10"]

1. e4 e6 2. d4 d5 3. Nd2 c5 4. Ngf3 Nc6 5. exd5 exd5 6. Bb5 Qe7+ 7. Be2 Qc7 8. 0-0 Nf6 9. Re1 cxd4 10. Nb3 Bb4 11. Bd2 Bxd2 12. Qxd2 0-0 13. Bd3 Bd7 14. Nbxd4 Rae8 15. c3 Na5 16. Qc2 Nc4 17. h3 g6 18. Rad1 a6 19. Qc1 Kg7 20. Nc2 b5 21. Nfd4 Qb6 22. Ne3 Rc8 23. Be2 b4 24. Bxc4 dxc4 25. cxb4 Ba4 26. Ndf5+ Kh8 27. Rd6 Rc6 28. Rxc6 Qxc6 29. Ne7 Qd6 30. Qc3 Qxe7 31. Nd5 Qd6 32. Nxf6 Rd8 33. Nd5+ f6 34. Nxf6 Qd4 35. Qxd4 Rxd4 36. Re7 Rh4 37. Kh2 g5 38. Ng4 Bc2 39. Rc7 Bd3 40. Rc6 Bf5 41. Rxc4 Be6 42. Re4 Bxa2 43. g3 Rh5 44. Re7 Bb1 45. Re5 Kg7 46. Kg2 Bd3 47. f3 Bb5 48. Rd5 Kf7 49. Rd6 Ke7 50. Rb6 Kf7 51. b3 Kg7 52. Rf6 Bd3 53. Rc6 Bb5 54. Rd6 Kf7 55. Rb6 Kg7 56. Ne3 g4 57. hxg4 Re5 58. Kf2 Kf7 59. Rd6 Re8 60. Rd4 Re6 61. g5 Rc6 62. Nc4 Kg7 63. g4 Re6 64. Kg3 Re1 65. Nd6 Bc6 66. Nf5+ Kf7 67. Rd6 Bb5 68. Rf6+ Kg8 69. Nh6+ Kg7 70. Nf5+ Kg8 71. f4 Rg1+ 72. Kf3 Rf1+ 73. Ke3 Rb1 74. Nd4 Bd7 75. f5 Re1+ 76. Kf4 Rf1+ 77. Ke5 Re1+ 78. Kd5 Rg1 79. Rxa6 Rxg4 80. Ra8+ Kf7 81. Ra7 Ke8 82. Ne6 Rxb4 83. Ra8+ Kf7 84. Rf8+ 1-0

[Event "FIDE World Rapid-ch Open 2018"]
[White "Gasanov, Eldar"]
[Black "Dzhumagaliev, Yan"]
[Site "St. Petersburg"]
[Round "6.73"]
[Annotator "ChessBase"]
[Result "1/2-1/2"]
[Date "2018.12.27"]
[WhiteElo "2499"]
[BlackElo "2410"]
[PlyCount "92"]
[TimeControl "900+10"]

1. d4 Nf6 2. c4 e6 3. Nc3 d5 4. Bg5 Be7 5. e3 0-0 6. Nf3 h6 7. Bh4 b6 8. Rb1 Bb7 9. Bxf6 Bxf6 10. cxd5 exd5 11. b4 Nd7 12. Qb3 c6 13. Bd3 a5 14. a3 axb4 15. axb4 b5 16. 0-0 Nb6 17. e4 Nc4 18. e5 Be7 19. Ra1 Qb6 20. Bf5 Rxa1 21. Rxa1 Bc8 22. g4 Be6 23. Ne2 Qb7 24. Nf4 Bxf5 25. gxf5 Ra8 26. Rxa8+ Qxa8 27. e6 Qa4 28. exf7+ Kxf7 29. Qd3 Qxb4 30. Qc2 Bf6 31. Ng6 Qb2 32. Qd3 b4 33. Nfe5+ Bxe5 34. dxe5 Nxe5 35. Qe3 Nxg6 36. Qe6+ Kf8 37. Qc8+ Ke7 38. Qe6+ Kf8 39. Qc8+ Ke7 40. Qe6+ Kd8 41. Qd6+ Kc8 42. Qxc6+ Kb8 43. Qb6+ Ka8 44. Qa6+ Kb8 45. Qb6+ Kc8 46. Qc6+ Kb8 1/2-1/2

[Event "FIDE World Rapid-ch Open 2018"]
[White "Sharma, Dinesh K."]
[Black "Gabrielian, Artur"]
[Site "St. Petersburg"]
[Round "6.74"]
[Annotator "ChessBase"]
[Result "1/2-1/2"]
[Date "2018.12.27"]
[WhiteElo "2295"]
[BlackElo "2499"]
[PlyCount "125"]
[TimeControl "900+10"]

1. Nf3 c5 2. c4 Nc6 3. Nc3 e5 4. e3 Nf6 5. d4 e4 6. Ne5 g6 7. g4 h6 8. Bg2 Bg7 9. h3 Qe7 10. Nxc6 dxc6 11. 0-0 0-0 12. Qc2 Re8 13. b3 h5 14. g5 Nh7 15. Qxe4 Qd8 16. Qh4 Nxg5 17. Kh1 cxd4 18. exd4 Ne6 19. Qxd8 Rxd8 20. Be3 Nxd4 21. Rad1 Bf5 22. Ne4 Bxe4 23. Bxe4 Ne6 24. b4 Bd4 25. Bd2 Rd7 26. Kg2 Rad8 27. Bc1 a6 28. a4 Bf6 29. Rxd7 Rxd7 30. b5 axb5 31. axb5 Rd4 32. bxc6 Rxe4 33. cxb7 Be5 34. Bb2 Bb8 35. Ra1 Nc5 36. Ra8 Re8 37. Be5 Nd7 38. Bxb8 Nxb8 39. c5 Kf8 40. Rxb8 Rxb8 41. c6 Kg7 42. c7 Rxb7 43. c8=Q Re7 44. Qc3+ Kg8 45. Kf3 Re6 46. Kf4 Kh7 47. f3 Kg8 48. Kg5 Kh7 49. h4 Rb6 50. Kf4 Rb5 51. Qf6 Kg8 52. Ke4 Rc5 53. Kd4 Rb5 54. Kc4 Rf5 55. Qxf5 gxf5 56. f4 Kf8 57. Kd5 Ke7 58. Ke5 f6+ 59. Kd5 Kd7 60. Kc5 Kc7 61. Kd5 Kd7 62. Kc5 Kc7 63. Kd5 1/2-1/2

[Event "FIDE World Rapid-ch Open 2018"]
[White "Yilmaz, Mustafa"]
[Black "Carlsson, Pontus"]
[Site "St. Petersburg"]
[Round "6.75"]
[Annotator "ChessBase"]
[Result "1-0"]
[Date "2018.12.27"]
[WhiteElo "2636"]
[BlackElo "2463"]
[PlyCount "134"]
[TimeControl "900+10"]

1. d4 e6 2. c4 Nf6 3. Nf3 c5 4. Nc3 cxd4 5. Nxd4 Bb4 6. g3 Ne4 7. Qd3 Nxc3 8. bxc3 Be7 9. Bg2 a6 10. 0-0 d6 11. Rd1 Nd7 12. Nb3 Qc7 13. Bf4 Ne5 14. Qd4 f6 15. c5 dxc5 16. Bxe5 fxe5 17. Qe4 0-0 18. Nd2 Rb8 19. Nc4 Bf6 20. Nd6 b5 21. Qg4 Rb6 22. Ne4 Be7 23. Rd2 c4 24. Rad1 a5 25. h4 b4 26. Ng5 bxc3 27. Rc2 h6 28. Qh5 Bc5 29. Ne4 Bb7 30. Qg6 Bd5 31. Rxc3 Bd4 32. Rf3 Rxf3 33. Bxf3 Qf7 34. Qg4 c3 35. Rc1 Rb2 36. e3 c2 37. Kg2 Bb6 38. Nc3 Bxf3+ 39. Qxf3 Qxf3+ 40. Kxf3 Bd8 41. Ke2 e4 42. Kd2 Bf6 43. Rxc2 Rb4 44. Ne2 g5 45. hxg5 hxg5 46. g4 a4 47. Kc1 a3 48. Kd2 Kf7 49. Nc1 Rb1 50. Rc4 Bb2 51. Nb3 Bf6 52. Nc5 Rf1 53. Nxe4 Bb2 54. Kc2 Kg6 55. Rc5 Kh6 56. Kb3 Rb1 57. Rc6 Bf6+ 58. Kxa3 Be7+ 59. Nc5 Kg7 60. Ka4 Rb2 61. Nxe6+ Kf7 62. f4 Rxa2+ 63. Kb5 Rg2 64. Nxg5+ Bxg5 65. fxg5 Rxg4 66. g6+ Ke7 67. g7 Kf7 1-0